Map: Deathaura LE

Players

Denver - Winner!

  • Race: Zerg Zerg
  • League: Master
  • Spawn Location: 5:00

SKillous

  • Race: Protoss Protoss
  • League: Grandmaster
  • Spawn Location: 11:00

Event: DreamHack SC2 Masters 2020 Winter

VOD

Have the link to the VOD?

Description

Time

  • Played on: Nov. 5, 2020, 11:43 a.m.
  • Length: 5:25

All games in this series

Show
View Real Time Build Order
Export as new Build Order

Denver Zerg - Winner!

Build Orders: Hatch First 

Get SALT Encoding   

  12  0:00  Drone  
  13  0:12  Overlord  
  13  0:16  Drone  
  14  0:31  Drone x2  
  16  0:48  Hatchery  
  15  0:52  Drone  
  15  0:55  Drone  
  17  0:58  Drone  
  18  1:10  Extractor  
  17  1:14  Spawning Pool  
  17  1:16  Drone  
  17  1:21  Drone  
  18  1:29  Drone  
  19  1:40  Drone  
  20  1:50  Overlord  
  20  2:01  Queen x2  
  20  2:02  Zergling x4  
  26  2:11  Metabolic Boost  
  26  2:13  Drone  
  26  2:15  Drone  
  28  2:22  Drone x2  
  30  2:39  Hatchery  
  30  2:41  Drone x2  
  31  2:45  Drone  
  32  2:53  Roach Warren  
  32  2:54  Drone  
  32  2:58  Overlord  
  32  3:06  Overlord  
  32  3:23  Overlord  
  32  3:34  Roach x6  
  44  3:41  Overlord x2  
  44  3:44  Zergling x2  
  44  3:48  Roach x2  
  49  3:50  Zergling x4  
  51  3:57  Zergling x4  
  53  4:03  Zergling x6  
  53  4:09  Zergling x2  
  56  4:15  Zergling x8  
  60  4:17  Ravager  
  60  4:20  Zergling x6  
  64  4:31  Zergling x8  
  62  4:50  Zergling x16  
  67  5:02  Zergling x10  
Show
View Real Time Build Order
Export as new Build Order

SKillous Protoss 

Build Orders: 1 Gate Expand, Oracle Opening 

Get SALT Encoding   

  12  0:00  Probe  
  13  0:12  Probe  
  14  0:17  Pylon  
  14  0:24  Probe (Chrono Boost)  
  15  0:36  Gateway  
  15  0:37  Probe (Chrono Boost)  
  16  0:45  Probe (Chrono Boost)  
  16  0:46  Assimilator  
  17  0:51  Probe  
  18  1:03  Probe  
  19  1:15  Probe  
  20  1:23  Nexus  
  20  1:34  Cybernetics Core  
  20  1:38  Probe  
  21  1:43  Assimilator  
  21  1:50  Probe  
  21  1:52  Pylon  
  22  2:02  Probe  
  22  2:07  Adept (Chrono Boost)  
  23  2:14  Probe  
  26  2:16  Stargate  
  26  2:24  Warp Gate  
  26  2:28  Adept (Chrono Boost), Probe (Chrono Boost)  
  27  2:35  Probe (Chrono Boost)  
  32  2:44  Probe x2 (Chrono Boost)  
  32  2:49  Probe (Chrono Boost)  
  32  2:50  Probe  
  33  2:53  Void Ray (Chrono Boost)  
  34  3:02  Probe x2  
  40  3:07  Pylon  
  40  3:14  Probe  
  40  3:15  Probe  
  42  3:21  Gateway  
  42  3:26  Probe  
  44  3:27  Probe, Oracle (Chrono Boost)  
  47  3:38  Probe  
  47  3:39  Probe  
  49  3:49  Nexus  
  49  3:50  Probe  
  49  3:51  Probe  
  49  3:52  Pylon  
  51  4:02  Probe  
  51  4:03  Assimilator, Probe  
  51  4:08  Assimilator  
  53  4:15  Probe (Chrono Boost)  
  55  4:18  Forge, Twilight Council  
  55  4:19  Probe (Chrono Boost)  
  55  4:20  Pylon  
  55  4:24  Void Ray (Chrono Boost)  
  55  4:26  Probe (Chrono Boost)  
  55  4:29  Probe (Chrono Boost)  
  55  4:30  Probe (Chrono Boost)  
  60  4:39  Probe  
  60  4:40  Adept x2  
  62  4:50  Probe  
  60  4:56  Probe  
  49  5:04  Probe x2  
Tags
 
Add a new tag
Caveats
  • Supply blocks, unpowered buildings, or Contaminate may cause inaccurate times.
  • Supply counts are checked every 10 seconds.